 Dungeon Crawl Stone Soup version 0.18-a0-853-gfe32976 (webtiles) character file.

214 Proton the Insei (level 5, 0/28 HPs)
             Began as a Vine Stalker Monk on Dec 21, 2015.
             Slain by an orc
             ... wielding a +0 falchion
              (3 damage)
             ... on level 5 of the Dungeon.
             The game lasted 00:05:19 (2975 turns).

Proton the Insei (Vine Stalker Monk)                Turns: 2975, Time: 00:05:19

Health: 0/28       AC:  2    Str: 15    XL:     5   Next: 92%
Magic:  0/6        EV: 13    Int: 10    God:
Gold:   80         SH:  0    Dex: 16    Spells: 0 memorised, 4 levels left

rFire  . . .     SeeInvis .       - Unarmed
rCold  . . .     Gourm    .     a - +0 robe
rNeg   . . .     Faith    .     (no shield)
rPois  +         Spirit   +     (no helmet)
rElec  .         Dismiss  .     (no cloak)
rCorr  .         Reflect  .     (no gloves)
SustAt .         Harm     .     (no boots)
MR     .....     Rnd*Tele +     h - amulet of rage
Stlth  ++........               j - ring of poison resistance
                                e - ring of teleportation (curse)

@: not resistant to hostile enchantments, unstealthy
A: fangs 2, regeneration 1, magic shield, antimagic bite, no device heal 3, rot
immunity
a: Evoke Berserk Rage, Evoke Teleportation


You were on level 5 of the Dungeon.
You were not hungry.

You visited 1 branch of the dungeon, and saw 5 of its levels.

You collected 80 gold pieces.

Inventory:

Armour
 a - a +0 robe (worn)
Jewellery
 d - an uncursed ring of protection from magic
 e - a cursed ring of teleportation (left hand)
 h - an amulet of rage (around neck)
 j - a ring of poison resistance (right hand)
Scrolls
 c - a scroll of noise {unknown}
 g - 5 scrolls of teleportation {unknown}
 k - a scroll of fear {unknown}
 m - 3 scrolls of remove curse {unknown}
 n - a scroll of identify {unknown}
 o - a scroll of amnesia {unknown}
 p - a scroll of fog {unknown}
Potions
 f - a potion of ambrosia {unknown}
 i - a potion of agility {unknown}
 l - 2 potions of flight {unknown}
Comestibles
 b - 2 bread rations


   Skills:
 + Level 3.3 Fighting
 + Level 1.7 Armour
 + Level 3.1 Dodging
 - Level 2.4 Stealth
 * Level 5.4 Unarmed Combat


You had 4 spell levels left.
You didn't know any spells.

Dungeon Overview and Level Annotations

Branches:
Dungeon (5/15)
 Temple: D:4-7

Altars:
Elyvilon
Fedhas
Pakellas
Vehumet


Innate Abilities, Weirdness & Mutations

You have extremely sharp teeth.
Your natural rate of healing is unusually fast.
When hurt, damage is shared between your health and your magic reserves.
Your bite disrupts and absorbs the magic of your enemies.
Potions and wands cannot restore your health.
You are immune to rotting.


Message History

The puff of flame hits you! The orc barely misses you.
You are too injured to fight recklessly!
You are too injured to fight recklessly!
You are too injured to fight recklessly!
You are too injured to fight recklessly!
You closely miss the orc wizard. Your bite misses the orc wizard.
The orc wizard is lightly wounded.
The orc hits you with a falchion.
The orc wizard hits you but does no damage.
The orc hits you but does no damage.
You closely miss the orc wizard. Your bite misses the orc wizard.
The orc wizard is lightly wounded.
The orc wizard misses you. The orc hits you with a falchion!
* * * LOW HITPOINT WARNING * * *
You closely miss the orc wizard.
The orc wizard is lightly wounded.
The orc closely misses you. The orc wizard hits you with a dagger.
* * * LOW HITPOINT WARNING * * *
The orc hits you with a falchion.
You die...

.......#
#......#
#......#
#......#
#......#
#......#
#......#
###....o.#
.......@.#
......oo.#
.........#
.........#
##########


You could see an orc wizard and 2 orcs.

Vanquished Creatures
  A hound (D:3)
  A giant frog skeleton (D:3)
  A worker ant (D:5)
  A gnoll (D:3)
  5 adders
  A worm (D:3)
  An orc (D:3)
  4 giant cockroaches
  6 hobgoblins
  10 jackals
  13 kobolds
  A ball python (D:3)
  8 bats
  5 giant newts
  7 goblins
  2 quokkas
  10 rats
77 creatures vanquished.

Notes
Turn   | Place    | Note
--------------------------------------------------------------
     0 | D:1      | Proton the Vine Stalker Monk began the quest for the Orb.
     0 | D:1      | Reached XP level 1. HP: 11/11 MP: 2/2
   168 | D:1      | Reached XP level 2. HP: 11/16 MP: 3/3
   239 | D:1      | Reached skill level 1 in Armour
   439 | D:1      | Reached XP level 3. HP: 19/19 MP: 4/4
  1025 | D:2      | Found a radiant altar of Vehumet.
  1029 | D:2      | Found a blossoming altar of Fedhas.
  1033 | D:2      | Found an oddly glowing altar of Pakellas.
  1944 | D:3      | Reached XP level 4. HP: 23/23 MP: 5/5
  2175 | D:3      | Reached skill level 5 in Unarmed Combat
  2459 | D:3      | Reached XP level 5. HP: 21/28 MP: 4/6
  2798 | D:4      | Found a white marble altar of Elyvilon.
  2832 | D:4      | Noticed an ogre
  2907 | D:5      | Entered Level 5 of the Dungeon
  2975 | D:5      | Slain by an orc

Vault maps used:
D:1:      lightli_arrival_farm, minmay_misc_feat_roman, minmay_box_of_dots
D:2:      minmay_overflow_temple_star_quad
D:3:      first_bread, minmay_misc_feat_room
D:4:      elyvilon_altar_1, temple_hall
D:5:      st_stairs_5, kennysheep_generic_room_15

Action                   |  1- 3 |  4- 6 || total
-------------------------+-------+-------++-------
Melee: Unarmed           |   150 |   134 ||   284
 Stab: Sleeping          |     7 |     1 ||     8
  Eat: Meat ration       |     1 |       ||     1
       Bread ration      |       |     1 ||     1
